 Dungeon Crawl Stone Soup version 0.22-a0-136-g83a10e5 (webtiles) character file.

16037 TabToWin the Carver (level 12, -13/85 HPs)
             Began as a Demonspawn Wanderer on Feb 3, 2018.
             Was an Elder of Qazlal.
             Mangled by a skeletal warrior
             ... wielding a +0 dire flail
             ... led by a skeletal warrior
              (26 damage)
             ... on level 10 of the Dungeon.
             The game lasted 00:32:57 (15106 turns).

TabToWin the Carver (Demonspawn Wanderer)          Turns: 15106, Time: 00:32:58

Health: -13/85     AC:  9    Str: 16    XL:     12   Next: 6%
Magic:  20/20      EV: 15    Int: 14    God:    Qazlal [****..]
Gold:   699        SH: 17    Dex: 14    Spells: 15/17 levels left

rFire    + . .     SeeInvis .   l - +2 scimitar (freeze)
rCold    . . .     Gourm    .   q - +2 buckler
rNeg     + . .     Faith    .   G - +0 ring mail {rF+}
rPois    .         Spirit   .   E - +0 helmet
rElec    .         Reflect  +   j - +0 cloak
rCorr    .         Harm     .   (no gloves)
MR       .....                  n - +0 pair of boots
Stlth    +.........             g - +5 amulet of reflection
HPRegen  0.24/turn              t - ring of positive energy
MPRegen  0.17/turn              w - +2 ring of evasion

@: about to teleport, repel missiles
A: talons 1, foul stench 1, powered by death 1, rot immunity, sturdy frame 1
a: Upheaval, Elemental Force, Renounce Religion


You were on level 10 of the Dungeon.
You worshipped Qazlal.
Qazlal was greatly pleased with you.
You were not hungry.

You visited 3 branches of the dungeon, and saw 14 of its levels.

You collected 699 gold pieces.

Inventory:

Hand Weapons
 l - a +2 scimitar of freezing (weapon)
 v - a +0 great sword
Armour
 j - a +0 cloak (worn)
 n - a +0 pair of boots (worn)
 q - a +2 buckler (worn)
 r - a +1 large shield
 y - a +2 leather armour of cold resistance
 E - a +0 helmet (worn)
 G - a +0 ring mail of fire resistance (worn)
Jewellery
 g - a +5 amulet of reflection (around neck)
 h - an uncursed ring of see invisible {unknown}
 t - a ring of positive energy (left hand)
 w - a +2 ring of evasion (right hand)
 D - an uncursed amulet of magic regeneration
Wands
 d - a wand of polymorph (13)
Scrolls
 c - 8 scrolls of teleportation
 e - 3 scrolls of immolation
 m - 7 scrolls of remove curse
 o - 2 scrolls of blinking
 p - 2 scrolls of fear
 s - a scroll of torment
 u - a scroll of amnesia
 A - a scroll of fog
 B - 2 scrolls of magic mapping
 C - a scroll of identify
Potions
 i - 3 potions of curing
 k - 2 potions of mutation
 x - a potion of heal wounds
 z - 2 potions of magic
Books
 a - a book of Minor Magic

   Spells                             Type                      Level
   a - Magic Dart                     Conjuration                  1
   b - Blink                          Translocation                2
   c - Call Imp                       Summoning                    2
   d - Slow                           Hexes                        2
   e - Conjure Flame                  Conjuration/Fire             3
   f - Mephitic Cloud                 Conjuration/Poison/Air       3
 b - Gueteuc's Guide on Orientation

   Spells                             Type                      Level
   a - Apportation                    Translocation                1
   b - Teleport Other                 Translocation                3
Comestibles
 f - 21 rations


   Skills:
 - Level 4.9 Fighting
 - Level 12.3 Long Blades
 - Level 1.7 Throwing
 - Level 4.3 Armour
 - Level 4.1 Dodging
 - Level 6.1 Shields
 - Level 3.2 Spellcasting
 - Level 1.0 Translocations
   Level 3.6 Earth Magic
 * Level 11.7 Invocations


You had 15 spell levels left.
You knew the following spells:

 Your Spells              Type           Power        Failure   Level  Hunger
a - Blink                 Tloc           N/A          28%         2    ##.....


Dungeon Overview and Level Annotations

Branches:
Dungeon (10/15)            Temple (1/1) D:4            Lair (3/6) D:10
  Swamp (0/4) Lair:3
  Snake: Lair:2-4    Spider: Lair:2-4       Orc: D:9-12

Altars:
Ashenzari
Cheibriados
Dithmenos
Elyvilon
Fedhas
Gozag
Hepliaklqana
Kikubaaqudgha
Makhleb
Nemelex Xobeh
Okawaru
Qazlal
Ru
Sif Muna
Trog
Uskayaw
Vehumet
Wu Jian
Xom
Yredelemnul
Zin
The Shining One


Innate Abilities, Weirdness & Mutations

You have sharp toenails.
You may emit foul miasma when damaged in melee.
You regenerate a little health from kills.
You are immune to rotting.
Your movements are slightly less encumbered by armour. (ER -2)


Message History

Aim: a skeletal warrior, wielding a dire flail (moderately damaged, chance to defeat MR: 1%)
The skeletal warrior is unaffected.
You are too injured to fight recklessly!
You are too injured to fight recklessly!
You are too injured to fight recklessly!
Okay, then.
Things that are here:
a giant club; a giant spiked club; a two-headed ogre corpse
There is a stone staircase leading up here.
The skeletal warrior is engulfed in freezing vapours.
The skeletal warrior hits you with a dire flail!
The skeletal warrior is struck by lightning.
The skeletal warrior hits you with a dire flail!!
* * * LOW HITPOINT WARNING * * *
You hear an angry hiss.
As you read the scroll of teleportation, it crumbles to dust.
You feel strangely unstable.
The skeletal warrior is struck by lightning.
The skeletal warrior hits you with a dire flail!!
You die...

#.....#......# .
###....###..#.$#
#.#....a((..#### ##
#..#...(...#..#
#.###.####)......# .
#)#.## #.#....###.
#..## #))........
####.z.####..........
#...@.....'..........
#.##§.§..##..........
# #.....###.......#.
###...# ##.....###
#.#####..# ##...## #
#........######'##
#######)<.......#
#..######.##
#.)).......####


You could see a skeletal warrior.

Vanquished Creatures
  A two-headed ogre (D:10)
  Pikel (D:6)
  2 black mambas
  4 torpor snails
  2 spiny frogs (Lair:2)
  3 komodo dragons
  A yaktaur (D:10)
  A troll (D:9)
  7 blink frogs
  4 hippogriffs
  A vampire (D:10)
  Sigmund (D:2)
  2 wyverns
  16 yaks
  A hungry ghost (D:10)
  Eustachio (D:6)
  4 basilisks (Lair:3)
  Menkaure (D:5)
  A vampire mosquito (D:10)
  Duvessa (D:7)
  An acid dragon (D:7)
  7 porcupines
  A water moccasin (D:9)
  An ice beast (D:6)
  2 orc warriors
  A phantom (D:6)
  2 sky beasts
  2 black bears
  A centaur (D:3)
  A necrophage (D:9)
  3 ogres
  8 crocodiles
  A big kobold (D:10)
  13 bullfrogs
  Dowan (D:7)
  A scorpion (D:6)
  6 killer bees (D:7)
  A wight (D:10)
  A howler monkey (D:5)
  4 crimson imps
  A centaur zombie (D:7)
  A jelly (D:10)
  6 hounds
  2 bullfrog skeletons
  An orc priest (D:4)
  8 orc wizards
  3 worker ants
  Crazy Yiuf (D:6)
  4 iguanas
  Natasha (thrice) (D:4)
  A hound zombie (D:8)
  A worker ant zombie (D:5)
  Robin (D:2)
  6 gnolls
  8 adders
  A shadow imp (D:5)
  2 oozes
  2 adder skeletons
  5 worms
  4 dart slugs
  6 leopard geckos
  27 orcs
  7 giant cockroaches
  23 goblins
  11 hobgoblins
  20 jackals
  4 quokkas
  4 ball pythons
  5 bats
  4 frilled lizards
  A jackal zombie (D:5)
  7 kobolds
  A leopard gecko skeleton (D:9)
  A quokka skeleton (D:6)
  8 rats
303 creatures vanquished.

Vanquished Creatures (others)
  A slave (D:6)
  A centaur (D:6)
  2 gnolls (D:6)
  4 fungi
  13 plants
21 creatures vanquished.

Grand Total: 324 creatures vanquished

Notes
Turn   | Place    | Note
-------+----------+-------------------------------------------
     0 | D:1      | TabToWin the Demonspawn Wanderer began the quest for the Orb.
     0 | D:1      | TabToWin set off with: a book of Minor Magic, Gueteuc's Guide on Orientation, a scroll of teleportation, a +0 robe, a +0 dagger, a ration
     0 | D:1      | Reached XP level 1. HP: 13/13 MP: 4/4
   439 | D:1      | Gained mutation: You regenerate a little health from kills. [demonic ancestry]
   439 | D:1      | Reached XP level 2. HP: 19/20 MP: 6/6
   528 | D:1      | Reached skill level 1 in Fighting
   755 | D:1      | Reached skill level 1 in Dodging
   794 | D:1      | Identified Gueteuc's Guide on Orientation
  1106 | D:1      | Reached skill level 1 in Armour
  1106 | D:1      | Reached XP level 3. HP: 17/26 MP: 7/7
  1776 | D:2      | Learned a level 2 spell: Blink
  1944 | D:2      | Gained mutation: You have sharp toenails. [demonic ancestry]
  1944 | D:2      | Reached XP level 4. HP: 31/33 MP: 8/8
  2042 | D:2      | Noticed Robin
  2066 | D:2      | Noticed Sigmund
  2071 | D:2      | Killed Robin
  2094 | D:2      | Killed Sigmund
  2094 | D:2      | Reached XP level 5. HP: 25/39 MP: 9/9
  2624 | D:3      | Reached XP level 6. HP: 32/46 MP: 10/10
  2834 | D:3      | Reached skill level 1 in Long Blades
  2857 | D:3      | Reached skill level 2 in Long Blades
  3357 | D:4      | Reached skill level 3 in Long Blades
  3551 | D:4      | Found a staircase to the Ecumenical Temple.
  3553 | D:4      | Noticed Natasha
  3580 | D:4      | Killed Natasha
  3580 | D:4      | Gained mutation: Your movements are slightly less encumbered by armour. (ER -2) [demonic ancestry]
  3580 | D:4      | Reached XP level 7. HP: 8/51 MP: 11/11
  3879 | Temple   | Entered the Ecumenical Temple
  3928 | Temple   | Became a worshipper of Qazlal Stormbringer
  4006 | D:4      | Noticed Natasha
  4014 | D:4      | Killed Natasha
  4014 | D:4      | Reached skill level 1 in Shields
  4090 | D:4      | Got a steaming quarterstaff
  4091 | D:4      | Identified the +5 quarterstaff of Duici {speed, +Inv rC+ Int+4} (You found it on level 4 of the Dungeon)
  4429 | D:4      | Noticed Natasha
  4442 | D:4      | Killed Natasha
  4442 | D:4      | Reached skill level 4 in Long Blades
  4906 | D:5      | Entered Level 5 of the Dungeon
  4939 | D:5      | Noticed Menkaure
  5107 | D:5      | Found a sacrificial altar of Ru.
  5126 | D:5      | Killed Menkaure
  5126 | D:5      | Reached skill level 5 in Long Blades
  5515 | D:5      | Reached XP level 8. HP: 37/57 MP: 12/12
  6225 | D:5      | Reached skill level 6 in Long Blades
  6464 | D:6      | Reached * piety under Qazlal
  6500 | D:6      | Noticed Eustachio
  6526 | D:6      | Killed Eustachio
  6635 | D:6      | Reached skill level 7 in Long Blades
  6978 | D:6      | Noticed Pikel
  7003 | D:6      | Killed Pikel
  7003 | D:6      | Reached skill level 8 in Long Blades
  7003 | D:6      | Reached XP level 9. HP: 22/62 MP: 13/13
  7752 | D:6      | Found a runed door.
  8074 | D:6      | Noticed Crazy Yiuf
  8079 | D:6      | Killed Crazy Yiuf
  8136 | D:7      | Reached skill level 9 in Long Blades
  8184 | D:6      | HP: 3/62 [poisoned by a killer bee]
  8192 | D:6      | HP: 3/62 [poisoned by a killer bee]
  8513 | D:7      | Reached ** piety under Qazlal
  9204 | D:7      | Noticed Duvessa
  9207 | D:7      | Noticed Dowan
  9230 | D:7      | Killed Duvessa
  9240 | D:7      | Killed Dowan
  9981 | D:8      | Reached skill level 10 in Long Blades
  9984 | D:8      | Reached skill level 5 in Shields
 10158 | D:8      | Gained mutation: You are immune to rotting. [demonic ancestry]
 10158 | D:8      | Reached XP level 10. HP: 70/70 MP: 14/14
 10851 | D:9      | Reached skill level 11 in Long Blades
 10898 | D:9      | Noticed a skeletal warrior
 10901 | D:9      | Noticed a skeletal warrior
 10904 | D:9      | Noticed a skeletal warrior
 11009 | D:9      | Noticed a skeletal warrior
 11048 | D:10     | Entered Level 10 of the Dungeon
 11057 | D:10     | Found a staircase to the Lair.
 11325 | D:10     | Reached *** piety under Qazlal
 11505 | D:10     | Noticed a two-headed ogre
 11534 | Lair:1   | Entered Level 1 of the Lair of Beasts
 11668 | Lair:1   | Reached XP level 11. HP: 31/78 MP: 15/15
 11928 | Lair:1   | Reached skill level 1 in Invocations
 12013 | Lair:1   | Reached skill level 12 in Long Blades
 12239 | Lair:1   | Noticed a six-headed hydra
 12897 | Lair:2   | Reached skill level 5 in Invocations
 13483 | Lair:3   | Noticed an eight-headed hydra
 13666 | Lair:3   | Reached **** piety under Qazlal
 14192 | Lair:3   | Found a snail-covered altar of Cheibriados.
 14420 | Lair:3   | Reached skill level 10 in Invocations
 14462 | Lair:3   | Found a staircase to the Swamp.
 14894 | D:10     | Killed a two-headed ogre
 14894 | D:10     | Gained mutation: You may emit foul miasma when damaged in melee. [demonic ancestry]
 14894 | D:10     | Reached XP level 12. HP: 85/85 MP: 20/20
 15106 | D:10     | Mangled by a skeletal warrior

Vault maps used:
D:1:      onia_arrival_handbag
D:2:      uniq_robin, uniq_sigmund
D:4:      minmay_temple_entry_glass, first_ration, uniq_natasha
D:5:      nicolae_ru_awakened_eye, uniq_menkaure
D:6:      uniq_eustachio, uniq_crazy_yiuf_cottage, uniq_pikel
D:7:      uniq_duvessa
D:9:      minmay_orc_entry_temple_small
D:10:     hangedman_cross_cluster, basic_altar, serial_shops, shop,
          hangedman_little_slice_of_home
Temple:   compressed_dpeg_circular_temple
Lair:2:   grunt_megastairs_2, infiniplex_staircase_pool_2, lemuel_fruit_tree
Lair:3:   swamp_mist_pool, kennysheep_snail_temple, infiniplex_staircase_pool,
          serial_bayou_shore_a, serial_bayou_shore_b

Skill      XL: |  1  2  3  4  5  6  7  8  9 10 11 |
---------------+----------------------------------+-----
Fighting       | 1 2 3 4 |  4.9
Dodging        | 1 2 3 4 |  4.1
Armour         | 1 3 4 |  4.3
Long Blades    | 3 5 8 10 11 12 | 12.3
Shields        | 2 4 5 6 |  6.1
Invocations    | 11 | 11.7
Throwing       | |  1.7
Spellcasting   | |  3.2
Translocations | |  1.0
Earth Magic    | |  3.6

Action                   |  1- 3 |  4- 6 |  7- 9 | 10-12 || total
-------------------------+-------+-------+-------+-------++-------
Melee: Dagger            |   271 |    76 |       |       ||   347
       Kick              |       |    69 |    53 |       ||   122
       Falchion          |       |   181 |   106 |       ||   287
       Unarmed           |       |       |     3 |       ||     3
       Scimitar          |       |       |   292 |   569 ||   861
Evoke: Wand              |       |       |    17 |     1 ||    18
  Use: Potion            |       |     4 |    10 |     4 ||    18
       Scroll            |       |    10 |     9 |     9 ||    28
 Stab: Sleeping          |     2 |       |       |       ||     2
  Eat: Chunk             |     4 |     4 |    16 |    16 ||    40
       Ration            |       |       |     2 |     1 ||     3
Armor: Leather armour    |    81 |    63 |    70 |     4 ||   218
       Robe              |     1 |       |       |       ||     1
       Skin              |       |    11 |       |       ||    11
       Ring mail         |       |       |       |    48 ||    48
Dodge: Dodged            |   161 |   108 |   139 |   163 ||   571
Block: Large shield      |       |    77 |   214 |    74 ||   365
       Buckler           |       |       |    44 |   217 ||   261
       Reflection        |       |       |       |     2 ||     2
       Rpst.: Falchion   |       |    28 |     7 |       ||    35
       Scimitar          |       |       |    35 |    43 ||    78

Table legend:
 A = Spawn XP
 B = Non-spawn XP
 C = Spawn XP percentage of total XP
 D = Spawn monster count
 E = Non-spawn monster count
 F = Spawn count percentage of total count
 G = Total turns spent on level
                    A         B        C        D         E        F      G
               +---------+---------+-------+---------+---------+-------+---------
         Total |       0 |   22910 |   0.0 |       0 |     303 |   0.0 | 15106
               +---------+---------+-------+---------+---------+-------+---------
           D:1 |       0 |      50 |   0.0 |       0 |      26 |   0.0 |  1514
           D:2 |       0 |     321 |   0.0 |       0 |      41 |   0.0 |  1083
           D:3 |       0 |     246 |   0.0 |       0 |      38 |   0.0 |   718
           D:4 |       0 |     374 |   0.0 |       0 |      18 |   0.0 |  1494
           D:5 |       0 |     668 |   0.0 |       0 |      20 |   0.0 |  1512
           D:6 |       0 |    1856 |   0.0 |       0 |      23 |   0.0 |  2047
           D:7 |       0 |    1266 |   0.0 |       0 |      23 |   0.0 |  1421
           D:8 |       0 |     816 |   0.0 |       0 |      16 |   0.0 |   503
           D:9 |       0 |    2203 |   0.0 |       0 |      22 |   0.0 |   659
          D:10 |       0 |    2544 |   0.0 |       0 |      19 |   0.0 |   707
        Lair:1 |       0 |    3876 |   0.0 |       0 |      18 |   0.0 |   768
        Lair:2 |       0 |    3795 |   0.0 |       0 |      19 |   0.0 |  1515
        Lair:3 |       0 |    4895 |   0.0 |       0 |      20 |   0.0 |  1068
               +---------+---------+-------+---------+---------+-------+---------
